 Dungeon Crawl Stone Soup version 0.32-a0-871-ge202e49faa (webtiles) character file.

Game seed: 13528750377399392830

6598 Biggs the Skirmisher (level 11, 57/81 HPs)
             Began as a Coglin Hunter on Mar 29, 2024.
             Quit the game on level 9 of the Dungeon.
             The game lasted 00:14:46 (7762 turns).

Biggs the Skirmisher (Coglin Hunter)                Turns: 7762, Time: 00:14:47

Health: 57/81      AC:  9    Str: 12    XL:     11   Next: 2%
Magic:  11/11      EV: 17    Int:  8    God:
Gold:   391        SH:  0    Dex: 22    Spells: 10/10 levels left

rFire   . . .        a - +2 sling {Hua}
rCold   . . .        d - +0 sling {Zola}
rNeg    . . .        B - +0 steam dragon scales
rPois   .            (no helmet)
rElec   .            D - +0 cloak
rCorr   .            (no gloves)
SInv    .            G - +2 pair of boots
Will    .....        (amulet unavailable)
Stlth   ++           (ring unavailable)
HPRegen 0.33/turn    (ring unavailable)
MPRegen 0.12/turn    (no gizmo)

%: no passive effects
@: mildly poisoned (57 -> 51), revved
A: off-hand wielding, slow wielding, warmup strikes, no jewellery
a: Invent Gizmo


You were on level 9 of the Dungeon.
You visited 2 branches of the dungeon, and saw 10 of its levels.
You also visited: Sewer.

You collected 391 gold pieces.

Inventory:

Hand Weapons
 a - a +2 sling (weapon) {Hua}
 d - a +0 sling (offhand) {Zola}
Armour
 c - a +0 leather armour
 B - +0 steam dragon scales (worn)
 D - a +0 cloak (worn)
 G - a +2 pair of boots (worn)
Wands
 n - a wand of flame (22)
 p - a wand of paralysis (7)
 H - a wand of digging (4)
Scrolls
 b - 2 scrolls of vulnerability
 h - 3 scrolls of blinking
 j - 2 scrolls of immolation
 o - 2 scrolls of butterflies
 q - a scroll of poison
 r - 2 scrolls of enchant weapon
 u - 2 scrolls of fog
 w - 3 scrolls of teleportation
Potions
 e - a potion of lignification {unknown}
 f - a potion of attraction {unknown}
 i - 2 potions of mutation {unknown}
 k - a potion of brilliance {unknown}
 l - 2 potions of heal wounds {unknown}
 m - 2 potions of curing {unknown}
 s - 3 potions of degeneration {unknown}
 t - a potion of cancellation {unknown}
 v - a potion of magic {unknown}
 z - 3 potions of might {unknown}
 A - a potion of ambrosia {unknown}
 E - a potion of berserk rage {unknown}


   Skills:
 - Level 6.0 Fighting
 + Level 12.5 Ranged Weapons
 - Level 7.7 Dodging
 - Level 0.7 Stealth


You had 10 spell levels left.
You didn't know any spells.
Your spell library contained the following spells:

 Spells                   Type           Power      Damage    Failure   Level
 Apportation              Tloc           0%         N/A       41%         1
 Necrotise                Necr           0%         1d4       41%         1
 Sandblast                Erth           0%         2d4       41%         1
 Sting                    Conj/Alch      0%         1d3       41%         1
 Summon Small Mammal      Summ           0%         N/A       41%         1
 Mercury Vapours          Alch/Air       0%         N/A       54%         2
 Hailstorm                Conj/Ice       0%         3d5       78%         3
 Stone Arrow              Conj/Erth      0%         3d7       78%         3
 Summon Ice Beast         Ice/Summ       0%         N/A       78%         3
 Teleport Other           Tloc           0%         N/A       78%         3
 Animate Armour           Summ/Erth      0%         N/A       99%         4
 Brom's Barrelling Bould  Conj/Erth      0%         2d3       99%         4
 Olgreb's Toxic Radiance  Alch           0%         N/A       99%         4
 Passage of Golubria      Tloc           0%         N/A       99%         4
 Summon Lightning Spire   Summ/Air       0%         N/A       99%         4
 Lee's Rapid Deconstruct  Erth           0%         3d4*      100%        5
 Silence                  Hex/Air        0%         N/A       100%        5
 Dispersal                Tloc           0%         N/A       100%        6
 Gell's Gavotte           Tloc           0%         2d(11-16) 100%        6
 Permafrost Eruption      Ice/Erth       0%         2x4d2     100%        6
 Sculpt Simulacrum        Ice/Alch       0%         N/A       100%        6
 Lehudib's Crystal Spear  Conj/Erth      0%         10d2      100%        8


Dungeon Overview and Level Annotations

Branches:
Dungeon (9/15)             Temple (1/1) D:7            Lair (0/5) D:8
  Sewer (visited)
    Orc: D:9-12

Altars:
Ashenzari
Cheibriados
Dithmenos
Elyvilon
Gozag
Hepliaklqana
Kikubaaqudgha
Makhleb
Nemelex Xobeh
Qazlal
Ru
Trog
Uskayaw
Vehumet
Wu Jian
Xom
Yredelemnul
Zin
The Shining One

Shops:
D:7 =

Annotations:
D:2 1 runed translucent door, Crazy Yiuf, Terence
D:6 1 runed translucent door, zenocrate's ghost, novice OpEE


Innate Abilities, Weirdness & Mutations

You can wield a second weapon in your off-hand.
It takes a long time for you to wield or remove held weapons.
Your first few attacks do less damage.
You cannot equip rings or amulets.


Message History

The killer bee poisons you!
You shoot a sling bullet. The sling bullet hits the killer bee.
The killer bee is moderately wounded.
You shoot a sling bullet. The sling bullet misses the killer bee.
The sling bullet hits the killer bee.
The killer bee is heavily wounded.
You feel sick.
The killer bee stings you but does no damage.
The killer bee closely misses you.
You shoot a sling bullet. The sling bullet hits the killer bee!
The killer bee is almost dead.
You shoot a sling bullet. The sling bullet hits the killer bee!
You kill the killer bee!
You feel sick. The killer bee stings you.
You are more poisoned.
The killer bee poisons you!
You shoot a sling bullet.
The sling bullet closely misses the killer bee.
You shoot a sling bullet. The sling bullet hits the killer bee.
The killer bee is severely wounded.
You feel sick.
The killer bee stings you but does no damage.
Unknown command.
Unknown command.
You shoot a sling bullet.
The sling bullet closely misses the killer bee.
You shoot a sling bullet. The sling bullet misses the killer bee.
You feel very sick. The killer bee barely misses you.
The killer bee closely misses you.
You shoot a sling bullet. The sling bullet misses the killer bee.
You shoot a sling bullet.
The sling bullet completely misses the killer bee.
You feel sick. The killer bee closely misses you.
Unknown command.
You shoot a sling bullet. The sling bullet hits the killer bee!
You kill the killer bee!
You shoot a sling bullet.
You feel sick.
Unknown command.
No target in view!
Are you sure you want to abandon this character and quit the game? (Confirm with "yes".)

#.......# ##.†'.....#
#.....?.####..##.....'
#.....))'....###.....#
#.....).###### #.....#
#.......# #.....#
#.......# ####'##
#.......# #.##
#####'### #..# #@#
#####.# ##†# #..)...
#..# #...... ##'###
#...... #....# #......
#....# ##### #....).
#....#..yy..........
#....'.# ###......
#....### #####.#


There were no monsters in sight!

Vanquished Creatures
  4 two-headed ogres
  Joseph (D:7)
  Jeremiah (D:7)
  A troll (D:9)
  Prince Ribbit (D:7)
  A wyvern (D:9)
  A steam dragon (D:6)
  2 water moccasins
  A black bear (D:7)
  2 ice beasts
  3 sky beasts
  2 ogres (D:6)
  A centaur (D:8)
  2 phantoms (D:4)
  2 kobold brigands
  4 bullfrogs
  2 scorpions
  4 wights (D:6)
  5 killer bees (D:9)
  4 howler monkeys
  2 bombardier beetles
  An orc priest (D:4)
  3 hounds
  4 iguanas
  2 sleepcaps (D:5)
  5 orc wizards
  3 gnolls (D:5)
  12 adders
  A river rat (Sewer)
  3 shadow imps
  2 white imps (D:6)
  4 ufetubi
  2 dart slugs
  2 ribbon worms
  26 orcs
  16 ball pythons
  11 endoplasms
  3 giant cockroaches (D:4)
  3 goblins (D:1)
  4 hobgoblins
  17 kobolds
  2 quokkas
  6 bats
  6 frilled lizards
  22 rats
206 creatures vanquished.

Notes
Turn   | Place    | Note
-------+----------+-------------------------------------------
     0 | D:1      | Biggs the Coglin Hunter began the quest for the Orb.
     0 | D:1      | Reached XP level 1. HP: 16/16 MP: 1/1
   181 | D:1      | Reached skill level 4 in Ranged Weapons
   181 | D:1      | Reached XP level 2. HP: 22/22 MP: 2/2
   901 | D:2      | Noticed Terence
  1022 | D:2      | Reached XP level 3. HP: 27/27 MP: 3/3
  1040 | D:2      | Identified the +2 chain mail of the World {rElec rCorr
                  | Str+2 Dex-2}
  1189 | D:2      | Found a stormy altar of Qazlal.
  1314 | D:2      | Found a runed translucent door.
  1315 | D:2      | Noticed Crazy Yiuf
  1399 | D:3      | Reached skill level 5 in Ranged Weapons
  1399 | D:3      | Reached XP level 4. HP: 26/33 MP: 4/4
  1798 | D:3      | Reached XP level 5. HP: 15/38 MP: 5/5
  2256 | D:4      | Noticed a kobold brigand
  2317 | D:4      | Killed a kobold brigand
  2318 | D:4      | Reached skill level 6 in Ranged Weapons
  2392 | D:4      | Noticed a phantom
  2399 | D:4      | Killed a phantom
  2400 | D:4      | Reached XP level 6. HP: 44/44 MP: 6/6
  2485 | D:4      | Reached skill level 7 in Ranged Weapons
  2555 | D:4      | Reached XP level 7. HP: 50/50 MP: 7/7
  2593 | D:4      | Found a glowing drain.
  2675 | Sewer    | Entered a sewer
  3156 | D:5      | Entered Level 5 of the Dungeon
  3199 | D:5      | Reached skill level 8 in Ranged Weapons
  3275 | D:5      | Identified the +5 morningstar of the Shining Light {venom,
                  | Int+5}
  3392 | D:5      | Reached XP level 8. HP: 56/56 MP: 8/8
  3657 | D:5      | Reached skill level 9 in Ranged Weapons
  4241 | D:6      | Reached skill level 10 in Ranged Weapons
  4436 | D:6      | Reached XP level 9. HP: 12/61 MP: 9/9
  4899 | D:6      | Reached skill level 11 in Ranged Weapons
  5161 | D:6      | Found a bloodstained altar of Trog.
  5267 | D:6      | Found a runed translucent door.
  5268 | D:6      | Found a shimmering altar of Xom.
  5268 | D:6      | Noticed zenocrate's ghost (novice OpEE)
  5268 | D:6      | Noticed a +1 mace of chaos
  5746 | D:7      | Noticed Joseph
  5761 | D:7      | Killed Joseph
  5938 | D:7      | Noticed Prince Ribbit
  5951 | D:7      | Killed Prince Ribbit
  5952 | D:7      | Reached skill level 5 in Fighting
  6034 | D:7      | Noticed Jeremiah
  6042 | D:7      | Killed Jeremiah
  6043 | D:7      | Reached XP level 10. HP: 76/76 MP: 10/10
  6069 | D:7      | Found a staircase to the Ecumenical Temple.
  6120 | Temple   | Entered the Ecumenical Temple
  6291 | D:7      | Found Qujiss's Jewellery Shop.
  6496 | D:8      | Noticed a two-headed ogre
  6505 | D:8      | Killed a two-headed ogre
  6506 | D:8      | Reached skill level 5 in Dodging
  6678 | D:8      | Found a staircase to the Lair.
  6678 | D:8      | Noticed a two-headed ogre
  6691 | D:8      | Killed a two-headed ogre
  7131 | D:8      | Noticed a two-headed ogre
  7140 | D:8      | Killed a two-headed ogre
  7534 | D:9      | Noticed a two-headed ogre
  7543 | D:9      | Killed a two-headed ogre
  7544 | D:9      | Reached skill level 12 in Ranged Weapons
  7750 | D:9      | Reached XP level 11. HP: 69/81 MP: 11/11
  7762 | D:9      | Quit the game

Illustrated notes

Levels and vault maps discovered:
D:1:      dpeg_arrival_another_circle, layout_basic, minmay_close_crescents
D:2:      layout_basic, basic_altar, uniq_terence, uniq_crazy_yiuf_cottage
D:3:      wad_lake_hut, layout_basic, lemuel_round_altar,
          mainiacjoe_overflow_paths
D:4:      layout_cave_pools, gup_sewer_entry_glass
D:5:      layout_rooms, minmay_starry_boxes
D:6:      layout_loops_cross, marbit_many_paths, ebering_ghost_xom
D:7:      layout_basic, minmay_temple_entry_statues_pillars, serial_shops, shop,
          hangedman_abyss_or_decor_lesser_grid, uniq_joseph, uniq_jeremiah,
          uniq_prince_ribbit1
D:8:      layout_loops_ring, lair_entry_dummy
D:9:      layout_roguey, kennysheep_mini_moat, grunt_ministairs_7
Temple:   regret_index_temple_mists

Skill      XL: |  1  2  3  4  5  6  7  8  9 10 |
---------------+-------------------------------+-----
Ranged Weapons | 4 5 6 7 8 10 11 12 | 12.5
Dodging        | 2 3 7 |  7.7
Fighting       | 6 |  6.0
Stealth        | |  0.7

Action                     |  1- 3 |  4- 6 |  7- 9 | 10-12 || total
---------------------------+-------+-------+-------+-------++-------
   Fire: Sling             |   148 |   214 |   724 |   224 ||  1310
    Use: Scroll            |     1 |       |       |    12 ||    13
 Armour: Leather armour    |    10 |    18 |    53 |       ||    81
         Steam dragon scal |       |       |    15 |    32 ||    47
  Dodge: Dodged            |     6 |    39 |    59 |    46 ||   150

Table legend: (Time is in decaauts)
 A = Elapsed time spent in this place.
 B = Non-inter-level travel time spent in this place.
 C = Inter-level travel time spent in this place.
 D = Time resting spent in this place.
 E = Time spent auto-exploring this place.
 F = Levels seen in this place.
 G = Mean time per level.
                   A        B        C        D        E       F      G
               +--------+--------+--------+--------+--------+-----+--------+
         Total |   7835 |   7559 |    276 |    262 |   6197 |  11 |  712.3 |
       Dungeon |   7588 |   7312 |    276 |    262 |   6031 |   9 |  843.1 |
        Temple |      1 |      1 |      0 |      0 |      0 |   1 |    1.0 |
         Sewer |    246 |    246 |      0 |      0 |    165 |   1 |  246.0 |
               +--------+--------+--------+--------+--------+-----+--------+

Top non-repeatable levels by time:
     D:6: 1343 daAuts
     D:8: 1207 daAuts
     D:1: 982 daAuts
     D:5: 959 daAuts
     D:3: 948 daAuts
     D:7: 832 daAuts
     D:4: 682 daAuts
     D:2: 414 daAuts
   Sewer: 246 daAuts
     D:9: 217 daAuts
  Temple: 1 daAuts
